 Dungeon Crawl Stone Soup version 0.32-a0-485-g70f7560b1c (webtiles) character file.

Game seed: 13603700200399335647

4912 javelincjr the Fighter (level 10, -13/90 HPs)
             Began as a Mountain Dwarf Warper on Feb 26, 2024.
             Was a Believer of Beogh.
             Killed by vampiric draining
             ... invoked by a vampire
              (19 damage)
             ... on level 9 of the Dungeon.
             The game lasted 01:01:18 (10139 turns).

javelincjr the Fighter (Mountain Dwarf Warper)     Turns: 10139, Time: 01:01:19

Health: -13/90     AC: 13    Str: 17    XL:     10   Next: 27%
Magic:  23/25      EV: 12    Int: 15    God:    Beogh [**....]
Gold:   295        SH:  0    Dex: 12    Spells: 8/18 levels left

rFire   + + .        u - +9 whip of Crusades {freeze, rF+ rCorr MP+9 Dex+3}
rCold   . . .        (no shield)
rNeg    . . .        x - +0 ring mail
rPois   .            l - +0 helmet
rElec   .            (no cloak)
rCorr   +            (no gloves)
SInv    .            f - +1 pair of boots {Fly}
Will    +....        r - amulet of the acrobat
Stlth   ++           w - ring of protection from fire
HPRegen 0.35/turn    N - +4 ring of protection
MPRegen 0.19/turn

%: acrobat
@: on blink cooldown, flying
A: runic magic, artefact enchanting
a: Renounce Religion, Smiting


You were on level 9 of the Dungeon.
You worshipped Beogh.
Beogh was pleased with you.
You visited 1 branch of the dungeon, and saw 9 of its levels.
You also visited: Bailey.

You collected 545 gold pieces.
You spent 250 gold pieces at shops.

Inventory:

Hand Weapons
 a - a +0 hand axe
 k - a +2 dagger of draining
 q - a +3 mace of protection
 u - the +9 whip of Crusades (weapon) {freeze, rF+ rCorr MP+9 Dex+3}
   (You found it on level 3 of the Dungeon)

   Dex+3:     It affects your dexterity (+3).
   rF+:       It protects you from fire.
   MP+9:      It affects your magic capacity (+9).
   rCorr:     It protects you from acid and corrosion.
 A - a +0 flail of protection
 C - a +0 war axe
 H - a +2 dagger of venom
 J - a +2 broad axe of freezing
 L - a +2 whip of holy wrath
Missiles
 d - 7 darts of dispersal
 e - 4 boomerangs (quivered)
 o - 17 poisoned darts
 F - 2 javelins
Armour
 b - a +0 leather armour
 f - a +1 pair of boots of flying (worn)
 l - a +0 helmet (worn)
 x - a +0 ring mail (worn)
 B - a +0 chain mail
 O - a +0 kite shield
 Q - a +1 scale mail of cold resistance
Jewellery
 m - an amulet of faith
 r - an amulet of the acrobat (around neck)
 w - a ring of protection from fire (left hand)
 y - a ring of protection from cold
 N - a +4 ring of protection (right hand)
Wands
 G - a wand of paralysis (5)
 R - a wand of polymorph (11)
 T - a wand of roots (5)
Scrolls
 c - 3 scrolls of blinking
 h - 3 scrolls of enchant armour
 i - a scroll of amnesia
 j - a scroll of fog
 t - 3 scrolls of teleportation
 I - 2 scrolls of poison
 S - a scroll of torment {unknown}
Potions
 g - a potion of experience
 n - 6 potions of cancellation
 p - a potion of curing
 s - 2 potions of brilliance
 v - 3 potions of haste
 z - a potion of invisibility
 D - a potion of heal wounds
 E - a potion of ambrosia
 K - a potion of lignification
 M - a potion of berserk rage
 P - a potion of enlightenment


   Skills:
 * Level 8.5 Fighting
 + Level 4.4(5.8) Axes
 + Level 5.7(6.5) Maces & Flails
 - Level 0.7 Throwing
 + Level 6.0 Armour
 + Level 4.1 Dodging
 - Level 3.3 Stealth
 + Level 1.2 Shields
 + Level 4.6 Spellcasting
 + Level 5.0 Translocations
 + Level 0.5 Air Magic
 + Level 0.6 Alchemy
 + Level 1.5 Invocations
 + Level 1.1 Evocations


You had 8 spell levels left.
You knew the following spells:

 Your Spells              Type           Power      Damage    Failure   Level
a - Blink                 Tloc           36%        N/A       3%          2
b - Lesser Beckoning      Tloc           36%        N/A       3%          2
c - Manifold Assault      Tloc           18%        N/A       24%         4
d - Mercury Vapours       Alch/Air       10%        N/A       22%         2

Your spell library contained the following spells:

 Spells                   Type           Power      Damage    Failure   Level
 Teleport Other           Tloc           18%        N/A       7%          3
 Cigotuvi's Dreadful Rot  Necr/Alch/Air  8%         N/A       24%         2
 Mephitic Cloud           Conj/Alch/Air  4%         N/A       43%         3
 Vhi's Electric Charge    Tloc/Air       22%        N/A       52%         4
 Ignite Poison            Fire/Alch      4%         N/A       86%         4
 Summon Lightning Spire   Summ/Air       4%         N/A       86%         4
 Animate Armour           Summ/Erth      6%         N/A       88%         4
 Freezing Cloud           Conj/Ice/Air   2%         6-21      99%         5
 Lee's Rapid Deconstruct  Erth           1%         3d4*      99%         5


Dungeon Overview and Level Annotations

Branches:
Dungeon (9/15)             Temple (0/1) D:6          Bailey (visited)
   Lair: D:8-11         Orc: D:9-12

Altars:
Elyvilon

Shops:
D:3 [   D:5 !

Annotations:
D:6 1 runed translucent door, timneilson's ghost, novice OpSh


Innate Abilities, Weirdness & Mutations

Your facial features look somewhat orcish.
Your spellcasting is much less encumbered by armour.
You can use scrolls of enchantment on lesser artefacts.


Message History

You hit something. Something hits you! Something bites you but does no damage.
You miss something. You hit something but do no damage.
Something hits you but does no damage. Something bites you but does no damage.
You closely miss something. Something hits you! Something bites you.
Something draws strength from your injuries!
You closely miss something. Something hits you but does no damage.
Something bites you but does no damage.
You barely miss something. Something hits you!
* * * LOW HITPOINT WARNING * * *
Something bites you but does no damage.
You hit something. You whack something! You freeze something.
Something hits you.
* * * LOW HITPOINT WARNING * * *
Something bites you but does no damage.
You miss something. Something hits you but does no damage. Something bites you.
* * * LOW HITPOINT WARNING * * *
Something draws strength from your injuries!
You feel much better. Something hits you but does no damage.
Something bites you.
Something draws strength from your injuries!
You hit something but do no damage. Something hits you. Something bites you!
Something draws strength from your injuries!
You hit something but do no damage. You hit something but do no damage.
Something hits you but does no damage. Something bites you but does no damage.
You whack something! You freeze something. Something hits you!
* * * LOW HITPOINT WARNING * * *
Something bites you but does no damage.
You hit something but do no damage. Something hits you.
* * * LOW HITPOINT WARNING * * *
Something bites you.
* * * LOW HITPOINT WARNING * * *
Something draws strength from your injuries!
You hit something. You freeze something. Something draws life force from you!
* * * LOW HITPOINT WARNING * * *
Casting: Manifold Assault (dangerous; 24% risk of failure)
Confirm with . or Enter, or press ? or * to list all spells.
You blink.
Something draws life force from you!!
You die...

##########
.........#
.........+
...?....@#
.......{.#
.......ยง.#
#######'##
#+# #...#
#.# #.###
#.# #.# #.#
#######'###
#.#
#.........#
#.#


There were no monsters in sight!

Vanquished Creatures
  An orc knight (Bailey)
  A gargoyle (D:8)
  Grinder (D:4)
  2 hornets
  A wyvern (D:7)
  2 steam dragons
  Edmund (D:4)
  A water moccasin (D:8)
  5 orc warriors
  A black bear (D:7)
  2 ice beasts (D:7)
  2 sky beasts
  A centaur (D:6)
  An ogre (D:5)
  3 phantoms
  A kobold brigand (D:7)
  A gnoll sergeant (D:7)
  A scorpion (D:5)
  13 wights
  A lava snake (D:8)
  A jelly (D:5)
  2 hounds
  2 bombardier beetles
  Jessica (D:2)
  Natasha (thrice) (D:4)
  4 iguanas
  2 orc wizards
  A sleepcap (D:5)
  Robin (D:3)
  7 adders
  12 gnolls
  A shadow imp (D:6)
  A white imp (D:5)
  2 ufetubi (D:7)
  4 dart slugs
  3 ribbon worms (D:2)
  23 orcs
  6 ball pythons
  5 bats
  4 endoplasms
  4 giant cockroaches
  25 goblins
  15 hobgoblins
  18 kobolds
  2 quokkas
  2 frilled lizards
  7 rats
200 creatures vanquished.

Notes
Turn   | Place    | Note
-------+----------+-------------------------------------------
     0 | D:1      | javelincjr the Mountain Dwarf Warper began the quest for
                  | the Orb.
     0 | D:1      | Reached XP level 1. HP: 17/17 MP: 3/3
   174 | D:1      | Reached XP level 2. HP: 22/25 MP: 4/4
   177 | D:1      | Learned a level 2 spell: Blink
   180 | D:1      | Learned a level 2 spell: Lesser Beckoning
   959 | D:2      | Reached XP level 3. HP: 30/30 MP: 6/6
  1340 | D:2      | Reached skill level 3 in Fighting
  1529 | D:2      | HP: 1/31 [adder (2)]
  1728 | D:2      | Noticed Jessica
  1732 | D:2      | Killed Jessica
  1733 | D:2      | Reached XP level 4. HP: 38/38 MP: 7/7
  2154 | D:3      | Found Zisy's Antique Armour Shop.
  2362 | D:3      | Noticed Robin
  2384 | D:3      | Killed Robin
  2404 | D:3      | Identified the +9 whip of Crusades {freeze, rF+ rCorr MP+9
                  | Dex+3}
  2521 | D:3      | Reached XP level 5. HP: 45/45 MP: 8/8
  3099 | D:4      | Noticed Natasha
  3104 | D:4      | Killed Natasha
  3105 | D:4      | Reached skill level 1 in Maces & Flails
  3110 | D:4      | Noticed Edmund
  3135 | D:4      | Killed Edmund
  3136 | D:4      | Reached skill level 4 in Fighting
  3136 | D:4      | Reached XP level 6. HP: 14/52 MP: 9/9
  3481 | D:4      | Noticed Grinder
  3488 | D:4      | Killed Grinder
  3489 | D:4      | Reached XP level 7. HP: 49/60 MP: 11/11
  3659 | D:4      | Noticed Natasha
  3665 | D:4      | Killed Natasha
  3746 | D:4      | Found a white marble altar of Elyvilon.
  3814 | D:3      | Bought a pair of runed boots for 180 gold pieces
  3847 | D:4      | Noticed Natasha
  3853 | D:4      | Killed Natasha
  4066 | D:5      | Entered Level 5 of the Dungeon
  4077 | D:5      | Reached skill level 5 in Fighting
  4170 | D:5      | Reached skill level 1 in Stealth
  4355 | D:5      | Found Qangewn's Distillery.
  4614 | D:5      | Reached XP level 8. HP: 52/69 MP: 12/12
  4784 | D:5      | Bought a potion of heal wounds for 70 gold pieces
  4918 | D:5      | Reached skill level 6 in Fighting
  5180 | D:6      | Became a worshipper of Beogh the Shepherd
  5277 | D:6      | Found a runed translucent door.
  5279 | D:6      | Noticed timneilson's ghost (novice OpSh)
  5373 | D:6      | Found a staircase to the Ecumenical Temple.
  5983 | D:7      | Reached XP level 9. HP: 66/78 MP: 14/14
  6099 | D:7      | Reached skill level 7 in Fighting
  6100 | D:7      | Paralysed by a hornet for 3 turns
  6127 | D:6      | Reached skill level 5 in Armour
  6258 | D:7      | Found a flagged portal.
  6280 | Bailey   | Entered a bailey
  6336 | Bailey   | Noticed an orc warlord
  6363 | Bailey   | Reached * piety under Beogh
  6458 | Bailey   | Found a runed translucent gate.
  6460 | Bailey   | Found a runed translucent gate.
  6461 | Bailey   | Found a runed translucent gate.
  6535 | Bailey   | Noticed an orc knight
  6623 | Bailey   | Killed an orc knight
  6624 | Bailey   | Reached skill level 5 in Maces & Flails
  6902 | Bailey   | Learned a level 4 spell: Manifold Assault
  7035 | Bailey   | Learned a level 2 spell: Mercury Vapours
  7212 | Bailey   | Pacified an orc warlord
  7583 | D:7      | Reached skill level 8 in Fighting
  8678 | D:8      | Reached XP level 10. HP: 71/74 MP: 16/16
  9091 | D:8      | Noticed a gargoyle
  9119 | D:8      | Killed a gargoyle
  9120 | D:8      | Reached skill level 1 in Invocations
  9615 | D:8      | Reached skill level 1 in Shields
  9615 | D:8      | Reached skill level 5 in Translocations
  9730 | D:9      | Reached skill level 1 in Evocations
  9995 | D:9      | Reached ** piety under Beogh
 10139 | D:9      | Killed from afar by a vampire

Illustrated notes

Levels and vault maps discovered:
D:1:      minmay_arrival_glassed_features, layout_loops_ring, grunt_decor_cap
D:2:      cheibrodos_greedy_goblins, layout_basic, minmay_misc_feat_square,
          minmay_cupped, uniq_jessica
D:3:      layout_rooms, serial_shops, shop, interstate_on_off, kennysheep_donut,
          nrook_mini_vaults, minmay_misc_feat_room, kennysheep_potato,
          uniq_robin
D:4:      layout_cave_pods, general_overflow_altar, uniq_natasha, uniq_edmund,
          uniq_grinder
D:5:      layout_cave_pools, serial_shops, nicolae_shop_stone, minmay_holes
D:6:      layout_loops_ring, minmay_temple_entry_junction_2,
          ebering_ghost_reflecting_pool
D:7:      layout_loops_ring, enter_bailey_2,
          nicolae_concentric_dashed_squares_mild
D:8:      layout_basic, minivault_5, kennysheep_crisscross
D:9:      layout_roguey

Skill      XL: |  1  2  3  4  5  6  7  8  9 10 |
---------------+-------------------------------+-----
Spellcasting   | 2 3 4 |  4.6
Fighting       | 3 4 5 6 8 |  8.5
Axes           | 3 4 |  4.4
Armour         | 2 3 4 5 6 |  6.0
Translocations | 3 4 5 |  5.0
Maces & Flails | 1 2 3 4 5 |  5.7
Dodging        | 2 3 4 |  4.1
Stealth        | 1 2 3 |  3.3
Invocations    | 1 |  1.5
Shields        | 1 |  1.2
Evocations     | 1 |  1.1
Throwing       | |  0.7
Air Magic      | |  0.5
Alchemy        | |  0.6

Action                     |  1- 3 |  4- 6 |  7- 9 | 10-12 || total
---------------------------+-------+-------+-------+-------++-------
  Melee: Hand axe          |   114 |    63 |       |       ||   177
         Dagger            |    41 |       |       |       ||    41
         Whip              |       |    75 |   366 |    89 ||   530
  Throw: Boomerang         |       |       |   112 |       ||   112
         Dart              |       |       |    27 |       ||    27
   Cast: Blink             |       |     1 |     5 |     2 ||     8
         Mercury Vapours   |       |       |    21 |     4 ||    25
         Manifold Assault  |       |       |     9 |     5 ||    14
 Invoke: Convert to Beogh  |       |       |     1 |       ||     1
  Evoke: Wand              |       |       |     2 |       ||     2
    Use: Potion            |       |    11 |     1 |     2 ||    14
         Scroll            |       |       |    15 |       ||    15
   Stab: Paralysed         |       |       |     2 |       ||     2
         Sleeping          |       |       |     1 |     2 ||     3
 Armour: Leather armour    |    94 |    88 |    28 |       ||   210
         Skin              |       |    13 |       |       ||    13
         Ring mail         |       |       |   198 |    66 ||   264
  Dodge: Dodged            |    86 |    85 |   224 |    26 ||   421

Table legend: (Time is in decaauts)
 A = Elapsed time spent in this place.
 B = Non-inter-level travel time spent in this place.
 C = Inter-level travel time spent in this place.
 D = Time resting spent in this place.
 E = Time spent auto-exploring this place.
 F = Levels seen in this place.
 G = Mean time per level.
                   A        B        C        D        E       F      G
               +--------+--------+--------+--------+--------+-----+--------+
         Total |  10145 |   9818 |    327 |   1016 |   6418 |  10 | 1014.5 |
       Dungeon |   9041 |   8714 |    327 |    853 |   6270 |   9 | 1004.6 |
        Bailey |   1103 |   1103 |      0 |    163 |    148 |   1 | 1103.0 |
               +--------+--------+--------+--------+--------+-----+--------+

Top non-repeatable levels by time:
     D:7: 1333 daAuts
     D:2: 1256 daAuts
     D:4: 1219 daAuts
     D:8: 1144 daAuts
     D:6: 1125 daAuts
  Bailey: 1103 daAuts
     D:5: 887 daAuts
     D:3: 844 daAuts
     D:1: 776 daAuts
     D:9: 452 daAuts
